 Dungeon Crawl Stone Soup version 0.31-a0-208-gdb31a4691d (webtiles) character file.

Game seed: 11291037222156600617

21 innerfire43 the Trooper (level 2, -3/24 HPs)
             Began as a Demonspawn Monk on June 28, 2023.
             Slain by a gnoll
             ... wielding a +0 whip
              (6 damage)
             ... on level 1 of the Dungeon.
             The game lasted 00:00:31 (380 turns).

innerfire43 the Trooper (Demonspawn Monk)            Turns: 380, Time: 00:00:32

Health: -3/24      AC:  2    Str: 11    XL:     2   Next: 62%
Magic:  2/2        EV:  7    Int: 11    God:
Gold:   47         SH: 11    Dex: 15    Spells: 1/1 levels left

rFire   . . .        a - +0 hand axe
rCold   . . .        f - +0 tower shield
rNeg    . . .        b - +0 robe
rPois   .            (no helmet)
rElec   .            (no cloak)
rCorr   .            (no gloves)
SInv    .            (no boots)
Will    .....        (no amulet)
Stlth   +            (no ring)
HPRegen 0.24/turn    (no ring)
MPRegen 0.08/turn

%: no passive effects
@: no status effects
A: spiny 1
a: no special abilities


You were on level 1 of the Dungeon.
You visited 1 branch of the dungeon, and saw 1 of its levels.

You collected 47 gold pieces.

Inventory:

Hand Weapons
 a - a +0 hand axe (weapon)
Armour
 b - a +0 robe (worn)
 d - an orb of light
 f - a +0 tower shield (worn)
Jewellery
 e - a ring of protection from cold
Scrolls
 h - a scroll of immolation {unknown}
Potions
 c - a potion of ambrosia
 g - a potion of lignification {unknown}
 i - a potion of cancellation {unknown}


   Skills:
 + Level 3.3 Fighting
 + Level 3.0 Axes
 + Level 3.0 Dodging


You had one spell level left.
You didn't know any spells.
Your spell library contained the following spells:

 Spells                   Type           Power      Damage    Failure   Level
 Vhi's Electric Charge    Tloc/Air       0%         N/A       100%        3
 Arcjolt                  Conj/Air       0%         1d10      100%        5
 Plasma Beam              Fire/Air       0%         2x1d10    100%        6
 Maxwell's Capacitive Co  Air            0%         ∞         100%        8


Dungeon Overview and Level Annotations

Branches:
Dungeon (1/15)

Altars:


Innate Abilities, Weirdness & Mutations

You are partially covered in sharp spines.


Message History

The kobold throws a stone.
You block the stone.
You barely miss the kobold. The kobold hits you with a +0 whip.
The kobold barely misses you.
There are monsters nearby!
You hit the gnoll.
The gnoll is lightly wounded.
You closely miss the kobold. You block the gnoll's attack.
You block the kobold's attack.
There are monsters nearby!
You hit the gnoll.
The gnoll is heavily wounded.
You hit the kobold. The gnoll is struck by your spines.
The gnoll hits you but does no damage. The kobold is struck by your spines.
You kill the kobold!
The gnoll is struck by your spines. The gnoll hits you with a +0 whip!
A gnoll is nearby!
You barely miss the gnoll.
The gnoll is severely wounded.
The gnoll hits you with a +0 whip. The gnoll is struck by your spines.
The gnoll hits you with a +0 whip.
* * * LOW HITPOINT WARNING * * *
A gnoll is nearby!
You are too injured to fight recklessly!
You are too injured to fight recklessly!
A gnoll is nearby!
You barely miss the gnoll.
The gnoll is almost dead.
You block the gnoll's attack. The gnoll closely misses you.
You barely miss the gnoll.
The gnoll is almost dead.
The gnoll is struck by your spines. The gnoll barely misses you.
You closely miss the gnoll.
The gnoll is almost dead.
The gnoll hits you with a +0 whip.
* * * LOW HITPOINT WARNING * * *
You block the gnoll's attack.
You hit the gnoll but do no damage.
The gnoll is almost dead.
The gnoll hits you with a +0 whip.
You die...

#..P...PP. #.P....PP.
##### #.#......P..
....# #.#.P.....P.
....# #.#.......P.
....# ### #.#....P.P..
....+ ...#.#.)g.....#
..()#######.#.#.@.....#
.............>#.#######
##.#.########.#.#
##.#.# #........#
##.#.# #.####.###
##(#.###'####.#
##.#..........#
##.#.........(#
##.#..........#


You could see a gnoll.

Vanquished Creatures
  A giant cockroach (D:1)
  3 hobgoblins (D:1)
  3 jackals (D:1)
  5 kobolds (D:1)
  A quokka (D:1)
  2 ball pythons (D:1)
  A frilled lizard (D:1)
  2 rats (D:1)
18 creatures vanquished.

Notes
Turn   | Place    | Note
-------+----------+-------------------------------------------
     0 | D:1      | innerfire43 the Demonspawn Monk began the quest for the
                  | Orb.
     0 | D:1      | Reached XP level 1. HP: 18/18 MP: 1/1
   151 | D:1      | Gained mutation: You are partially covered in sharp spines.
                  | [demonic ancestry]
   151 | D:1      | Reached XP level 2. HP: 24/24 MP: 2/2
   380 | D:1      | Slain by a gnoll

Illustrated notes

Levels and vault maps discovered:
D:1:      saegor_arrival_under_anarchy, layout_basic, nicolae_grassy_gnolls

Skill      XL: |  1  2 |
---------------+-------+-----
Dodging        | 3 |  3.0
Axes           | 3 |  3.0
Fighting       | |  3.3

Action                     || total
---------------------------++-------
  Melee: Hand axe          ||    28
 Armour: Robe              ||     7
  Dodge: Dodged            ||    15
  Block: Tower shield      ||    14

Table legend: (Time is in decaauts)
 A = Elapsed time spent in this place.
 B = Non-inter-level travel time spent in this place.
 C = Inter-level travel time spent in this place.
 D = Time resting spent in this place.
 E = Time spent auto-exploring this place.
 F = Levels seen in this place.
 G = Mean time per level.
                   A        B        C        D        E       F      G
               +--------+--------+--------+--------+--------+-----+--------+
         Total |    394 |    394 |      0 |      0 |    279 |   1 |  394.0 |
       Dungeon |    394 |    394 |      0 |      0 |    279 |   1 |  394.0 |
               +--------+--------+--------+--------+--------+-----+--------+

Top non-repeatable levels by time:
     D:1: 394 daAuts
